[Event "FIDE World Blitz Chess Championship 2022"]
[Site "Chess.com"]
[Date "2022.12.29"]
[Round "12"]
[White "Nakamura, Hikaru"]
[Black "Fedoseev, Vladimir"]
[Result "1-0"]
[WhiteElo "2768"]
[BlackElo "2688"]
[ECO "C27"]
[EventDate "2022.??.??"]
[Annotator "rafael"]
[PlyCount "60"]
[Beauty "8249042544138"]
[EventType "blitz"]
[TimeControl "180+2"]

1.e4 e5 2.Bc4 Nf6 3.d3 Bc5 4.Nc3 c6 5.Bb3 {A useful prophylactic move, withdrawing the bishop before a possible attack after d7-d5.} ( 5.Nf3 {is natural and has been played several times.} ) ( 5.f4 {is very risky and not recommended.} 5...d5 ( 5...exf4 {might be even better.} ) 6.exd5 O-O $5 7.fxe5 Ng4 {with wild complications in Fier-Merario Alarcon, Linares 2021.} ) 5...d6 ( 5...d5 {can lead to some problems due to the knight's pin on f6. Nakamura had this position in a blitz game before, in which he played the timid 6.Qe2. Probably he would choose a more incisive move this time.} 6.exd5 ( 6.Qe2 $6 O-O {was Nakamura-Ding, Speed Chess Championship (Blitz) 2021.} ) 6...cxd5 ( 6...Nxd5 7.Nf3 {White has a slight advantage.} ) 7.Bg5 {With an unpleasant pin.} ) 6.h3 Qe7 {This is a new move. In a World Blitz Championship played many years ago, Anand decided to castle, a good idea when you don't know what's the most accurate move.} ( 6...O-O 7.Qf3 b5 8.Nge2 a5 9.a3 Be6 {with equality in Morozevich-Anand, Moscow 2009.} ) 7.Nge2 a5 8.Ng3 h6 {I'm not sure this move is very useful here. Black has good alternatives like 8...Be6 or simply 8...0-0.} 9.a3 b5 ( 9...Be6 {Is a perfectly good alternative.} 10.Bxe6 fxe6 $1 {[%c_effect e6;square;e6;type;GreatFind;persistent;true] This is right capture, contolling the f5-square. After} ( 10...Qxe6 $2 11.Nf5 {White's knight is very annoying.} ) ) 10.Qf3 Na6 11.O-O Bb6 {Preparing to activate the knight placing it on c5.} ( 11...Be6 {is a good alternative, with chances for both sides.} ) 12.Be3 Bd8 $6 {[%c_effect d8;square;d8;type;Inaccuracy;persistent;true] Fedoseev loves creative moves, but this one is a bit ugly.} ( 12...Bxe3 {is the natural move.} 13.Qxe3 ( 13.fxe3 O-O {and the position is not dangerous for Black.} ) 13...Qa7 $5 14.Qd2 Nc5 15.Ba2 {with a tiny advantage for White.} ) 13.Nf5 $6 ( 13.d4 $1 {[%c_effect d4;square;d4;type;GreatFind;persistent;true] is more accurate, immediately striking at the center.} ) 13...Bxf5 14.Qxf5 Qd7 $6 ( 14...Nc5 {Black should bring the knight to the game quickly.} 15.Ba2 Ne6 $1 {[%c_effect e6;square;e6;type;GreatFind;persistent;true] Controlling the d4-square.} ) 15.Qf3 O-O 16.d4 $1 exd4 17.Bxd4 {With the bishop pair and better-placed pieces, White is clearly better.} 17...Re8 ( 17...Nc5 {is an interesting try.} 18.Bxc5 $1 ( 18.Ba2 {is not so good after} 18...Ne6 19.Be3 Ng5 $1 ) 18...dxc5 19.e5 Nh7 20.a4 $1 {[%c_effect a4;square;a4;type;GreatFind;persistent;true] with advantage for White.} ( 20.Nxb5 $2 {[%c_effect b5;square;b5;type;Mistake;persistent;true] loses a piece after} 20...Ng5 $1 ) ) 18.Rfe1 Qc7 $2 {[%c_effect c7;square;c7;type;Mistake;persistent;true] A blunder in a difficult position.} ( 18...Nh7 {is a defensive move, taking the strength of the e4-e5 advance but the position remains very unpleasant after} 19.Rad1 ) 19.Nxb5 $1 {[%c_effect b5;square;b5;type;GreatFind;persistent;true] Nakamura, as usual, is quick to spot tactical solutions.} 19...cxb5 20.e5 {Black's position falls apart.} 20...dxe5 21.Qxa8 Nc5 {Losing even more material.} ( 21...exd4 22.Rxe8+ Nxe8 23.Qxa6 ) 22.Bxe5 $1 Rxe5 23.Rxe5 Qxe5 24.Qxd8+ Kh7 25.Qxa5 Nfe4 26.Qe1 {Nakamura plays safe moves to convert his advantage.} 26...Qxb2 27.a4 bxa4 28.Rxa4 $1 Nf6 29.Rb4 Nxb3 30.cxb3 Qc2 1-0

[Event "FIDE World Blitz Chess Championship 2022"]
[Site "Chess.com"]
[Date "2022.12.30"]
[Round "21"]
[White "Carlsen, Magnus"]
[Black "Abdusattorov, Nodirbek"]
[Result "1-0"]
[WhiteElo "2859"]
[BlackElo "2713"]
[ECO "C88"]
[EventDate "2022.??.??"]
[Annotator "rafael"]
[PlyCount "75"]
[Beauty "7836570488330"]
[EventType "blitz"]
[TimeControl "180+2"]

1.e4 e5 2.Nf3 Nc6 3.Bb5 a6 4.Ba4 Nf6 5.d3 {Probably Ruy Lopez variations are Carlsen's biggest specialties in openings, having played them with both colors in the most important tournaments, including world championships.} 5...b5 6.Bb3 Be7 7.a4 b4 {7...Bb7 and 7...Rb8 are also possible.} 8.O-O O-O 9.Nbd2 d6 ( 9...Bc5 $5 {[%c_effect c5;square;c5;type;Interesting;persistent;true] is an interesting move, activating the bishop before playing d7-d6. It has been played a few times by top players.} ) 10.c3 {Carlsen had tried this line before in two games, one rapid and one blitz.} 10...Rb8 11.Re1 Na5 12.Ba2 c5 13.d4 bxc3 {Here Abdusattorov changes what had already been tried before against Carlsen.} ( 13...cxd4 14.cxd4 Qc7 15.Nb3 Nxb3 16.Bxb3 {was slightly better for White in Carlsen-Karjakin, Monte Carlo (rapid) 2011.} ) ( 13...Qc7 14.dxe5 dxe5 15.Nc4 Rd8 16.Qe2 b3 17.Nxa5 Qxa5 18.Bb1 Qc7 ( 18...c4 $5 {[%c_effect c4;square;c4;type;Interesting;persistent;true] is the best move, sacrificing a pawn.} 19.Qxc4 Bc5 {Black has decent compensation due to his more active pieces.} ) 19.Bd3 {with some advantage for White in Carlsen-Adams, Moscow (World Blitz Ch) 2007.} ) 14.bxc3 cxd4 15.cxd4 Nc6 16.d5 {This natural move is a novelty.} ( 16.Ba3 exd4 ( 16...Nxd4 17.Nxd4 exd4 18.Nf3 Bb7 19.Qd3 d5 $1 20.Bxe7 Qxe7 21.exd5 ( 21.e5 {is the critical move.} ) 21...Qd8 {The position was equal in Dominguez-Pelletier, Biel 2008.} ) 17.Nb3 d5 $1 18.Nfxd4 Nb4 19.e5 Ne4 {with a complicated game: Kyhos-Crielesi, ICCF email 2017.} ) 16...Nb4 17.Bc4 Nh5 ( 17...a5 $1 {[%c_effect a5;square;a5;type;GreatFind;persistent;true] The knight on b4 will be Black's biggest problem in this game. Knowing this, my recommendation is to protect it immediately.} ) 18.a5 $1 {[%c_effect a5;square;a5;type;GreatFind;persistent;true] An excellent positional move, leaving the black knight somewhat loose on b4. Prophylaxis is my favorite chess theme.} 18...Nf4 19.Nf1 ( 19.Re3 $1 {[%c_effect e3;square;e3;type;GreatFind;persistent;true] is more accurate, controlling the d3-square, bringing the rook to the game and avoiding Black's counterplay.} ) 19...Bg4 $6 ( 19...Qc7 $1 20.Ne3 f5 $1 {[%c_effect f5;square;f5;type;GreatFind;persistent;true] This nice move gives Black an active game. This idea will also appear later in the game.} 21.exf5 e4 {Now Black's knights can jump to d3, and we have chaos on board.} ) 20.Ne3 Bh5 21.Ra3 {The knight on b4 is a constant source of headache for Black.} 21...Qc7 22.Bd2 $6 {[%c_effect d2;square;d2;type;Inaccuracy;persistent;true] This move allows the idea we've seen before. It's necessary to remove the bishop from c4.} ( 22.Bf1 $1 ) 22...Bxf3 $6 ( 22...f5 $1 23.exf5 ( 23.Nxf5 $2 {[%c_effect f5;square;f5;type;Mistake;persistent;true] loses material after} 23...Rxf5 24.exf5 Qxc4 ) 23...e4 {A possible continuation is:} 24.g4 $1 Bxg4 25.Nxg4 Qxc4 26.Bxf4 exf3 27.Qxf3 Nxd5 {with a roughly equal game.} ) 23.Qxf3 Nc2 24.Nxc2 Qxc4 25.Ne3 ( 25.Rc3 {is very good for White.} 25...Qa2 26.g3 Nh3+ 27.Kg2 Ng5 28.Qd3 {Black has misplaced pieces and weaknesses on a6 and c6.} ) 25...Qd4 26.Rd1 Qc5 $6 ( 26...g6 $1 {[%c_effect g6;square;g6;type;GreatFind;persistent;true] Controlling the f5-square is Black's only chance of survival.} ) 27.Nf5 {White is winning now.} 27...Bg5 28.h4 Bf6 29.Rc3 Qxa5 30.g3 Nxd5 {A desperate attempt to complicate the game.} ( 30...Ng6 {After this move, White has several ways to win.} 31.Rc6 {This is probably the simplest.} 31...Qb5 32.Rxd6 ) 31.Ra3 ( 31.exd5 e4 32.Qg4 $1 Bxc3 33.Rc1 $1 {[%c_effect c1;square;c1;type;GreatFind;persistent;true] This leads to a pretty win for White, but when you are totally winning, it's better to play safe than to look for beauty, especially if this is the decisive game of a world championship.} ) 31...Qc5 32.Rc1 Qb6 33.exd5 {White is a piece up, and the rest is simple.} 33...Qb2 34.Rd3 Rfd8 35.Kg2 Qb5 36.Rc6 Re8 37.Nxd6 e4 38.Nxe4 {Congratulations to Carlsen for winning the triple crown again $1} 1-0

[Event "FIDE World Rapid Chess Championship 2022"]
[Site "Chess.com"]
[Date "2022.12.26"]
[Round "4"]
[White "Carlsen, Magnus"]
[Black "Abdusattorov, Nodirbek"]
[Result "1-0"]
[WhiteElo "2859"]
[BlackElo "2713"]
[ECO "A01"]
[EventDate "2022.??.??"]
[Annotator "rafael"]
[PlyCount "69"]
[Beauty "8041386741299"]
[EventType "rapid"]
[TimeControl "900+10"]

1.b3 {Carlsen played this move, usually associated with legendary Danish GM Bent Larsen, in his two White games on day one. A welcome breath of fresh air for those who enjoy more creative openings.} 1...e5 2.Bb2 Nc6 3.e3 Nf6 {Abdusattorov chooses one of the variations with the best reputation for Black.} 4.Nf3 Bd6 {This is a perfectly normal move, but it's not the most popular one.} ( 4...e4 {is the most frequently played move.} ) 5.c4 O-O 6.d3 Re8 7.a3 a5 8.Be2 Bf8 9.O-O d5 10.cxd5 Nxd5 11.Nbd2 f6 12.Qc2 {The game ended up falling into a very typical pawn structure, which can occur in several variations and also with inverted colors (in several Sicilian lines, for example, Black is in a position similar to the one that White has here). This structure is known as the \"Hedgehog\" and there is a legendary game always associated with the plan that Carlsen will try later on. This game was played by Fischer in 1970 and shows how the American genius was many years ahead of his time: he was the first to employ the plan that is traditional today.} 12...Bf5 ( 12...Be6 {This was the move chosen in the aforementioned game.} 13.Kh1 $5 {[%c_effect h1;square;h1;type;Interesting;persistent;true] Here begins the revolutionary plan.} 13...Qd7 14.Rg1 Rad8 15.Ne4 Qf7 16.g4 $1 {[%c_effect g4;square;g4;type;GreatFind;persistent;true] With this move, White holds the position of the knight on e4 and prepares an attack on the kingside.} 16...g6 $6 17.Rg3 Bg7 18.Rag1 {And White has strong pressure. I leave the complete game to the readers; after all, this is one of the great works in chess history.} 18...Nb6 19.Nc5 Bc8 20.Nh4 Nd7 21.Ne4 Nf8 22.Nf5 $1 Be6 23.Nc5 Ne7 24.Nxg7 Kxg7 25.g5 $18 Nf5 26.Rf3 b6 27.gxf6+ Kh8 28.Nxe6 Rxe6 29.d4 exd4 30.Bc4 d3 31.Bxd3 Rxd3 32.Qxd3 Rd6 33.Qc4 Ne6 34.Be5 Rd8 35.h4 Nd6 36.Qg4 Nf8 37.h5 Ne8 38.e4 Rd2 39.Rh3 Kg8 40.hxg6 Nxg6 41.f4 Kf8 42.Qg5 Nd6 43.Bxd6+ {and Black resigned in Fischer-Andersson, Siegen 1970.} ) 13.Rfe1 Bg6 14.g4 $5 {[%c_effect g4;square;g4;type;Interesting;persistent;true] The first new move of the game and a curious version of Fischer's plan, as Carlsen doesn't even make preparations with Kh1-Rg1. The move causes even more impact in this modern version. The idea is to gain space on the kingside, follow with Kh1-Rg1-Rg3-Rag1 and the entire script already shown by the legendary American.} ( 14.Rac1 {was played in Matijasevic-Mihic, Belgrade 2019.} ) 14...Qd7 ( 14...a4 $5 {[%c_effect a4;square;a4;type;Interesting;persistent;true] This is a very interesting move to change the character of the game. Instead of plans, we go for concrete moves and variations. If White captures or fails to capture on b3, then we can argue that Black has gained a positional advantage. If White plays 15.b4 then comes the traditional sacrifice on b4 and chaos on the board.} 15.b4 ( 15.bxa4 Nb6 {Regaining the pawn.} ) 15...Ndxb4 $1 16.axb4 Nxb4 {With a complicated position and chances for both sides, for example:} 17.Qc4+ ( 17.Qc3 Bxd3 ) 17...Bf7 18.Qc3 Nd5 19.Qc1 b5 {and the pawns march dangerously.} ) 15.Kh1 Rad8 ( 15...Qxg4 $2 {[%c_effect g4;square;g4;type;Mistake;persistent;true] Of course the pawn cannot be captured.} 16.Nxe5 ) 16.Ne4 Kh8 17.Rad1 {A prophylactic move to avoid a possible knight sacrifice on b4.} ( 17.Rg1 Ndb4 $5 18.axb4 Nxb4 19.Qc3 Nxd3 {with good compensation for the piece, for instance:} 20.Bxd3 Qxd3 21.Qxd3 Rxd3 22.Nc3 Bb4 23.Rgc1 c6 ) 17...Bf7 18.Rg1 Nb6 {Setting up queenside activity with the next move.} 19.Rg3 {Carlsen follows Fischer's plan.} 19...a4 $1 {[%c_effect a4;square;a4;type;GreatFind;persistent;true] Black starts the counterplay on the queenside. The tension grows.} 20.bxa4 Na5 21.Rdg1 $6 ( 21.g5 $5 {[%c_effect g5;square;g5;type;Interesting;persistent;true] The computer shows that this brave move has its interest.} 21...Bb3 22.Qc1 Bxd1 23.Bxd1 f5 24.Nf6 $1 {[%c_effect f6;square;f6;type;GreatFind;persistent;true] An important theme that we will see in the continuation of the game as well.} 24...gxf6 25.gxf6 {White is a rook down, but the position is unclear, as the black king is insecure, especially because of the a1-h8 diagonal and the g-file. For example:} 25...Nc6 26.Bb3 {White's attack looks violent, but the computer indicates equality with its traditional accuracy.} ) ( 21.Qb1 {is a more solid and well-behaved move.} 21...Nxa4 22.g5 $1 f5 23.g6 $1 ( 23.Nxe5 Rxe5 24.Bxe5 Qe8 $1 25.Bxc7 Ra8 {with chances for both sides.} ) 23...Bxg6 24.Neg5 Nxb2 25.Qxb2 {White plans 26.Nh4, with a threatening attack.} ) 21...Bd5 $2 ( 21...Nxa4 {is better. Probably Abdusattorov was afraid of the following variation:} 22.g5 f5 23.Nxe5 {but Black's position is OK after} 23...Rxe5 24.Bxe5 fxe4 25.dxe4 Nc5 ) 22.g5 $1 f5 23.Nc3 $2 ( 23.Nf6 $3 {[%c_effect f6;square;f6;type;Brilliant;persistent;true] This fantastic move crowns White's strategy.} 23...gxf6 24.gxf6 {It looks somewhat surprising, but the attack is very strong.} 24...Qc6 ( 24...f4 {doesn't help:} 25.R3g2 Nc6 26.a5 $5 Nc8 27.d4 {And the attack continues. A pretty variation is:} 27...e4 28.Ne5 Nxe5 29.dxe5 f3 30.e6 $1 fxg2+ 31.Rxg2 Qxe6 32.f7+ Qe5 33.Rg8# {Nice $1} ) 25.Qb1 $1 Qxf6 26.e4 Bf7 27.Rg5 {Black is unable to hold the position.} ) 23...Bc6 ( 23...Bb3 {is also possible, but White still has pressure.} 24.Qb1 ) 24.e4 ( 24.g6 {It was possible to start with this move, which Carlsen will play later.} 24...h6 25.e4 ) 24...Nxa4 25.Nxa4 Bxa4 26.Qc3 Nc6 27.g6 $1 Nd4 ( 27...h6 28.Ng5 $1 {[%c_effect g5;square;g5;type;GreatFind;persistent;true] This is the point $1} 28...hxg5 ( 28...Re7 {is more stubborn.} ) 29.Rh3+ {Other moves also win.} 29...Kg8 30.d4 {And White threatens both 31.Rh8+ and 31.Bc4+.} ( 30.Rxg5 {is also good.} ) 30...g4 31.Bc4+ Re6 32.Rxg4 $1 ( 32.exf5 $6 Nxd4 $1 ) 32...fxg4 33.Qg3 $1 gxh3 34.Qxh3 {with a decisive attack.} ) 28.Ng5 $1 {[%c_effect g5;square;g5;type;GreatFind;persistent;true] This beautiful move leaves White with a big advantage, but the adventures continue.} 28...Nxe2 $6 ( 28...Re7 {is more resistant, although White's position is still much better.} 29.Bh5 ) 29.Nf7+ $2 {[%c_effect f7;square;f7;type;Mistake;persistent;true] A rare tactical error by the world champion.} ( 29.Qc4 $1 {[%c_effect c4;square;c4;type;GreatFind;persistent;true] wins immediately.} 29...Re7 ( 29...Nxg3+ 30.Rxg3 ) 30.gxh7 $1 Re6 {Otherwise White mates on g8.} 31.Nxe6 Nxg3+ 32.Rxg3 {with a winning advantage.} ) 29...Qxf7 $1 {[%c_effect f7;square;f7;type;GreatFind;persistent;true] Now Black is back in the fight.} ( 29...Kg8 {is worse:} 30.Qc4 Nxg3+ 31.Rxg3 Qe6 32.gxh7+ Kxf7 ( 32...Kxh7 33.Ng5+ ) 33.Qxe6+ Kxe6 34.h8=Q {with a winning position for White.} ) 30.gxf7 Nxc3 31.fxe8=Q Bxe8 ( 31...Rxe8 32.Bxc3 Bc6 33.f3 Kg8 $1 {[%c_effect g8;square;g8;type;GreatFind;persistent;true] An important move, preparing 34...Rd8. Black has compensation for the exchange.} ) 32.Bxc3 Bg6 $2 {[%c_effect g6;square;g6;type;Mistake;persistent;true] Abdusattorov follows the plan started with the previous capture, but it contains a tactical problem.} ( 32...f4 {is better.} 33.Rh3 Bd6 ) 33.exf5 Bxf5 34.Bxe5 Bxd3 $6 ( 34...Rd7 {is necessary.} 35.Rf3 Rf7 {Although White should be able to convert the material advantage.} ) 35.Rxg7 $1 {[%c_effect g7;square;g7;type;GreatFind;persistent;true] A pretty finale for a memorable game.} ( 35.Rxg7 Bxg7 36.Rxg7 Rd5 37.Rg5+ Rxe5 38.Rxe5 {With an easily winning endgame.} ) 1-0